cohdb
Replays
Latest Replays
All Replays
Popular Replays
Top Player Replays
Match Explorer
How It Works
Community
CoH3 Stats
Reddit
Sign in to upload your games and track your stats! →
Sign in with Steam
Match 41202582
Unlisted
Match 41202582
Overview
Messages
Build Orders
End
Construct Section Command Post
Infantry Section
Infantry Section
ML 3-inch Mortar Team
Selects Canadian Shock Battlegroup
Construct Platoon Command Post
Selects Attacking Spirit
Selects Canadian Shock Section
Canadian Shock Section
Infantry Training
Selects Incendiary Munitions
Humber Armored Car
Canadian Shock Section
Selects Pyrotechnics
Canadian Shock Section
mikec_81
Snowman
0
0
Comments
sign in to comment!
No comments posted yet!